 Dungeon Crawl Stone Soup version 0.20.1-1-g8b1a95d (webtiles) character file.

13 Jazqa the Skirmisher (level 2, 0/26 HPs)
             Began as a Centaur Fighter on Oct 28, 2017.
             Slain by Sigmund
             ... wielding a +2 scythe of freezing
              (2 damage)
             ... while paralysed
             ... on level 2 of the Dungeon.
             The game lasted 00:01:23 (915 turns).

Jazqa the Skirmisher (Centaur Fighter)               Turns: 915, Time: 00:01:24

Health: 0/26       AC: 10    Str: 23    XL:     2   Next: 24%
Magic:  2/2        EV:  1    Int:  7    God:
Gold:   13         SH:  0    Dex:  8    Spells: 1/1 levels left

rFire    . . .     SeeInvis .   a - +0 long sword
rCold    . . .     Gourm    .   c - +1 shield
rNeg     . . .     Faith    .   b - +0 scale mail
rPois    .         Spirit   .   (no helmet)
rElec    .         Reflect  .   (no cloak)
rCorr    .         Harm     .   (no gloves)
MR       .....                  m - +0 centaur barding
Stlth    ..........             (no amulet)
Regen    0.1/turn               (no ring)
MPRegen  0.1/turn               (no ring)

@: confused, paralysed, mighty, berserk cooldown, slowed, very quick
A: hooves 3, deformed body, speed 2, tough skin 3
a: no special abilities


You were on level 2 of the Dungeon.
You were not hungry.

You visited 1 branch of the dungeon, and saw 2 of its levels.

You collected 13 gold pieces.


Innate Abilities, Weirdness & Mutations

You have hooves in place of feet.
Armour fits poorly on your strangely shaped body.
You cover ground very quickly.
You have extremely tough skin. (AC +3)


   Skills:
 + Level 3.3 Fighting
 + Level 2.2 Long Blades
 - Level 2.1 Armour
 - Level 2.1 Shields


You had one spell level left.
You didn't know any spells.

Inventory:

Hand Weapons
 a - a +0 long sword (weapon)
Armour
 b - a +0 scale mail (worn)
 c - a +1 shield (worn)
 m - a +0 centaur barding (worn)
 o - a +0 helmet
Scrolls
 e - a scroll of enchant armour
 j - a scroll of enchant weapon {unknown}
 k - a scroll of fear {unknown}
 l - a scroll of fog {unknown}
 n - 2 scrolls of identify {unknown}
Potions
 i - a potion of invisibility {unknown}
 p - a potion of berserk rage {!q}
Comestibles
 f - a bread ration {@e1}
 h - a royal jelly {@e3}

Dungeon Overview and Level Annotations

Branches:
Dungeon (2/15)

Altars:

Annotations:
D:2 Sigmund

#.# #.# #.# #.#
#.# #.##
#..####### #
#.>.@....# .#
#.@#####.###.###
#.$#####.#.....#
#.....##.#.....#
#.###.##.......#
#.###.##.......#
#.##...#.......#
#.........######
####...##.##
##.##.#.##


You could see Sigmund.


Message History

Sigmund is lightly wounded.
Sigmund casts a spell at you.
You are confused.
You miss Sigmund. Your kick misses Sigmund.
Sigmund is lightly wounded.
Sigmund hits you with a scythe of freezing.
Sigmund freezes you.
* * * LOW HITPOINT WARNING * * *
You bump into the rock wall.
Sigmund hits you with a scythe of freezing!
* * * LOW HITPOINT WARNING * * *
Sigmund freezes you.
* * * LOW HITPOINT WARNING * * *
Unknown command.
Unknown command.
It was a potion of berserk rage.
A red film seems to cover your vision as you go berserk!
You feel yourself moving faster!
You feel mighty!
Unknown command.
You feel a strong urge to attack something.
Sigmund's eyes start glowing with a red light.
Sigmund hits you but does no damage.
There is an escape hatch in the floor here.
You feel your anger subside.
You bump into the rock wall.
You are no longer berserk.
You pass out from exhaustion.
You feel yourself slow down.
Sigmund hits you from afar with a scythe of freezing.
You die...

Skill      XL: |  1 |
---------------+----+-----
Long Blades    | 2 |  2.2
Fighting       | |  3.3
Armour         | |  2.1
Shields        | |  2.1

Action                   || total
-------------------------++-------
Melee: Long sword        ||    31
       Kick              ||    11
  Use: Scroll            ||     2
       Potion            ||     2
Armor: Scale mail        ||    16
Dodge: Dodged            ||     3
Block: Shield            ||    13
       Rpst.: Long sword ||     1

Vault maps used:
D:1:      dpeg_arrival_line_fractal, serial_forest,
          infiniplex_forest_clump_long, infiniplex_forest_3_way,
          infiniplex_forest_straight_4, infiniplex_forest_straight_1,
          infiniplex_forest_straight_3, infiniplex_forest_straight_2,
          infiniplex_forest_clump_tiny, infiniplex_forest_zigzag_1,
          infiniplex_forest_fountain, infiniplex_forest_diagonal,
          serial_bayou_lake_a
D:2:      uniq_sigmund

Notes
Turn   | Place    | Note
-------+----------+-------------------------------------------
     0 | D:1      | Jazqa the Centaur Fighter began the quest for the Orb.
     0 | D:1      | Reached XP level 1. HP: 19/19 MP: 1/1
   331 | D:1      | Reached skill level 2 in Long Blades
   843 | D:2      | Reached XP level 2. HP: 26/26 MP: 2/2
   877 | D:2      | Noticed Sigmund
   910 | D:2      | HP: 1/26 [Sigmund/scythe of freezing (3)]
   915 | D:2      | Slain by Sigmund

Vanquished Creatures
  A worm (D:2)
  A giant cockroach (D:2)
  2 bats (D:1)
  A frilled lizard (D:1)
  3 goblins (D:1)
  2 kobolds
  2 rats (D:1)
12 creatures vanquished.
